 Dungeon Crawl Stone Soup version 0.25.0-1-g7eea58d2a3 (webtiles) character file.

Game seed: 2183556188998406307

1099 Delamore the Basher (level 8, -6/46 HPs)
             Began as a Gargoyle Fighter on June 13, 2020.
             Killed by divine providence
             ... invoked by an orc priest
              (13 damage)
             ... on level 5 of the Dungeon.
             The game lasted 00:05:53 (5206 turns).

Delamore the Basher (Gargoyle Fighter)              Turns: 5206, Time: 00:05:53

Health: -6/46      AC: 17    Str: 22    XL:     8   Next: 32%
Magic:  8/8        EV:  5    Int:  7    God:
Gold:   223        SH:  9    Dex:  9    Spells: 7/7 levels left

rFire    . . .     SeeInvis .   a - +0 flail
rCold    + . .     Gourm    .   c - +0 kite shield
rNeg     + + .     Faith    .   u - +0 chain mail
rPois    ∞         Spirit   .   i - +0 helmet
rElec    +         Reflect  .   (no cloak)
rCorr    .         Harm     .   (no gloves)
MR       .....                  (no boots)
Stlth    ..........             (no amulet)
HPRegen  0.15/turn              e - ring of positive energy
MPRegen  0.11/turn              l - ring of protection from cold

@: mighty
A: thin metallic scales 1, dopey 1, negative energy resistance 1, electricity
resistance, unbreathing, petrification resistance, rot immunity, AC +5
a: no special abilities


You were on level 5 of the Dungeon.
You were hungry.

You visited 1 branch of the dungeon, and saw 5 of its levels.

You collected 223 gold pieces.

Inventory:

Hand Weapons
 a - a +0 flail (weapon)
Missiles
 h - 2 throwing nets (quivered)
Armour
 b - a +0 scale mail
 c - a +0 kite shield (worn)
 i - a +0 helmet (worn)
 u - a +0 chain mail (worn)
Jewellery
 e - a ring of positive energy (left hand)
 l - a ring of protection from cold (right hand)
Wands
 q - a wand of iceblast (11)
 v - a wand of disintegration (21)
Scrolls
 g - a scroll of amnesia {unknown}
 j - 2 scrolls of enchant weapon {unknown}
 m - 2 scrolls of identify
 n - a scroll of fear
 p - 4 scrolls of teleportation {unknown}
 r - a scroll of immolation {unknown}
Potions
 d - a potion of might
 k - a potion of curing
Comestibles
 f - 15 rations
 o - 6 chunks of flesh


   Skills:
 - Level 3.2 Fighting
 + Level 9.7 Maces & Flails
 - Level 3.2 Armour
 - Level 3.2 Shields


You had 7 spell levels left.
You didn't know any spells.
Your spell library was empty.

Dungeon Overview and Level Annotations

Branches:
Dungeon (5/15)
 Temple: D:4-7

Altars:
Vehumet

Annotations:
D:5 Prince Ribbit


Innate Abilities, Weirdness & Mutations

You are resistant to torment.
Your stone body is resilient. (AC +5)
You are immune to poison.
You resist negative energy. (rN+)
You are resistant to electric shocks. (rElec)
You can survive without breathing.
You are immune to petrification.
You are immune to rotting.
You are partially covered in thin metallic scales. (AC +2)
You are dopey. (Int -2)


Message History

A puff of flame appears from out of thin air!
The puff of flame hits you but does no damage.
The phantom blinks!
An orc priest comes into view. It is wielding a +0 club.
The orc priest shouts!
Found a flickering sapphire amulet.
Prince Ribbit blinks!
Okay, then.
As you read the scroll labeled NUETZELUYT, it crumbles to dust.
It is a scroll of identify.
n - 2 scrolls of fear You block Prince Ribbit's attack.
Prince Ribbit blinks!
As you read the scroll of fear, it crumbles to dust.
You assume a fearsome visage.
The phantom is unaffected.
The phantom hits you.
* * * LOW HITPOINT WARNING * * *
The phantom blinks!
Prince Ribbit blinks!
The orc priest calls down the wrath of Beogh upon you.
Beogh smites you!
You die...

## ### .########## #..
..........# #.# .########.# ###
#.# 8.# #.# ##.###(####### ..#
#.# #..§...o.".... ..#### ##.##
##.###.######
.....###...##########o###.## ###
8....))..#...#..@.F....#.{.##....
.....))#...#.....####..W.#.......
..........##.#.#.####.##...##.#..
.......##.##..........#..........
##...####.##.#.#.######....##.#..
..........##.....# #W#.## # .
###..........#.### #.#.# #
#######.#....########.#.# # #
#.....FW....#.#.#


You could see Prince Ribbit, a phantom and an orc priest.

Vanquished Creatures
  Grinder (D:4)
  A centaur (D:5)
  An ogre (D:4)
  A wight (D:5)
  2 hounds (D:5)
  7 orc priests
  4 orc wizards
  2 bullfrog skeletons (D:4)
  3 worker ants
  8 adders
  An ooze (D:2)
  5 worms
  2 dart slugs
  3 leopard geckos
  14 orcs
  2 ball pythons
  5 giant cockroaches
  13 hobgoblins
  9 jackals
  2 quokkas (D:3)
  8 bats
  2 frilled lizards
  4 goblins
  10 kobolds
  9 rats
119 creatures vanquished.

Notes
Turn   | Place    | Note
-------+----------+-------------------------------------------
     0 | D:1      | Delamore the Gargoyle Fighter began the quest for the Orb.
     0 | D:1      | Reached XP level 1. HP: 14/14 MP: 1/1
   196 | D:1      | Reached XP level 2. HP: 2/19 MP: 2/2
   538 | D:1      | Reached skill level 3 in Maces & Flails
   718 | D:1      | Reached XP level 3. HP: 22/23 MP: 3/3
  1498 | D:2      | Reached skill level 4 in Maces & Flails
  1688 | D:2      | Reached XP level 4. HP: 28/28 MP: 4/4
  2259 | D:3      | Reached skill level 5 in Maces & Flails
  2259 | D:3      | Reached XP level 5. HP: 27/32 MP: 5/5
  3158 | D:3      | Reached skill level 6 in Maces & Flails
  3410 | D:3      | Reached XP level 6. HP: 34/37 MP: 6/6
  3874 | D:3      | Reached skill level 7 in Maces & Flails
  4176 | D:4      | Noticed Grinder
  4196 | D:4      | Paralysed by Grinder for 7 turns
  4210 | D:4      | Paralysed by Grinder for 2 turns
  4214 | D:4      | Killed Grinder
  4214 | D:4      | Reached skill level 8 in Maces & Flails
  4214 | D:4      | Reached XP level 7. HP: 21/41 MP: 7/7
  4426 | D:4      | Found a radiant altar of Vehumet.
  4500 | D:4      | HP: 2/41 [orc priest/divine providence (9)]
  4501 | D:4      | Gained mutation: You do not regenerate when monsters are
                  | visible. [potion of mutation]
  4501 | D:4      | Gained mutation: Scrolls take you a little longer to read.
                  | [potion of mutation]
  4501 | D:4      | Gained mutation: You are resistant to hostile enchantments.
                  | (MR+) [potion of mutation]
  4501 | D:4      | Gained mutation: You are partially covered in molten
                  | scales. (AC +2) [potion of mutation]
  4530 | D:4      | Lost mutation: You are resistant to hostile enchantments.
                  | (MR+) [potion of mutation]
  4530 | D:4      | Lost mutation: Scrolls take you a little longer to read.
                  | [potion of mutation]
  4530 | D:4      | Lost mutation: You do not regenerate when monsters are
                  | visible. [potion of mutation]
  4530 | D:4      | Lost mutation: You are partially covered in molten scales.
                  | (AC +2) [potion of mutation]
  4530 | D:4      | Gained mutation: You are dopey. (Int -2) [potion of
                  | mutation]
  4530 | D:4      | Gained mutation: You are partially covered in thin metallic
                  | scales. (AC +2) [potion of mutation]
  4923 | D:5      | Entered Level 5 of the Dungeon
  4944 | D:4      | Reached skill level 9 in Maces & Flails
  4944 | D:4      | Reached XP level 8. HP: 40/46 MP: 8/8
  5104 | D:5      | Noticed Prince Ribbit
  5182 | D:5      | HP: 2/46 [something/puff of flame (6)]
  5206 | D:5      | Killed from afar by an orc priest

Illustrated notes

Levels and vault maps discovered:
D:1:      sevenhm_arrival_forest_fort_large_3, layout_basic
D:2:      layout_loops_ring
D:3:      layout_basic, first_ration, st_stairs_12
D:4:      layout_cave_pools, kennysheep_mini_moat, uniq_grinder
D:5:      cheibrodos_fzero, layout_loops_ring, grunt_ministairs_2,
          cheibrodos_gnoll_hut, uniq_prince_ribbit1

Skill      XL: |  1  2  3  4  5  6  7 |
---------------+----------------------+-----
Maces & Flails | 3 4 5 6 8 9 |  9.7
Fighting       | |  3.2
Armour         | |  3.2
Shields        | |  3.2

Action                   |  1- 3 |  4- 6 |  7- 9 || total
-------------------------+-------+-------+-------++-------
Melee: Flail             |   153 |   245 |   146 ||   544
  Use: Potion            |       |       |     7 ||     7
       Scroll            |       |       |     2 ||     2
  Eat: Chunk             |     3 |     8 |     3 ||    14
Armor: Scale mail        |   125 |   150 |       ||   275
       Chain mail        |       |    12 |   106 ||   118
Dodge: Dodged            |    64 |    88 |    28 ||   180
Block: Kite shield       |    93 |   117 |    90 ||   300
